 Dungeon Crawl Stone Soup version 0.30-a0-743-gbfdf073431 (console) character file.

Game seed: 1673006103179083156

6289 Banquo the Cleaver (level 11, 0/76 HPs)
             Began as a Djinni Gladiator on Feb 6, 2023.
             Was a Priest of Qazlal.
             Shot with an arrow by a centaur (8 damage)
             ... on level 9 of the Dungeon.
             The game lasted 00:32:54 (8492 turns).

Banquo the Cleaver (Djinni Gladiator)               Turns: 8492, Time: 00:32:55

Health: 0/76       AC: 10    Str: 12    XL:     11   Next: 15%
Gold:   211        EV: 21    Int: 13    God:    Qazlal [***...] SH:  4 Dex: 19

rFire   + . .      SeeInvis +    a - +1 broad axe (venom)
rCold   . . .      Faith    .    (no shield)
rNeg    . . .      Spirit   .    j - +2 troll leather armour {Pargi}
rPois   ∞          Reflect  .    c - +0 helmet
rElec   .          Harm     .    B - +0 cloak
rCorr   .          Rampage  .    p - +0 pair of gloves
Will    +....                    (boots unavailable)
Stlth   +                        (no amulet)
HPRegen 1.12/turn                C - ring of ice
MPRegen 0.00/turn                V - +5 ring of evasion

@: flying
A: sickness immunity, fire resistance 2, cold vulnerability 1, float, innate
caster, HP casting, extra vitality 1, see invisible, agile 1
a: Renounce Religion, Upheaval, Elemental Force


You were on level 9 of the Dungeon.
You worshipped Qazlal.
Qazlal was most pleased with you.
You visited 2 branches of the dungeon, and saw 10 of its levels.
You also visited: Sewer.

You collected 396 gold pieces.
You spent 185 gold pieces at shops.

Inventory:

Hand Weapons
 a - a +1 broad axe of venom (weapon)
 b - a +1 war axe of chaos
 r - a +2 spear of venom
 t - a +1 vampiric spear
 F - a +0 war axe
 G - a +3 mace of freezing
Missiles
 d - 3 throwing nets (quivered)
 e - a javelin
 x - 4 boomerangs
Armour
 c - a +0 helmet (worn)
 j - a +2 troll leather armour (worn) {Pargi}
 p - a +0 pair of gloves (worn)
 u - a +0 animal skin
 B - a +0 cloak (worn)
Magical Staves
 y - a staff of cold
Jewellery
 C - a ring of ice (left hand)
 V - a +5 ring of evasion (right hand)
Wands
 h - a wand of flame (7)
 v - a wand of acid (12)
 z - a wand of roots (8)
Scrolls
 f - a scroll of summoning {unknown}
 k - a scroll of poison
 o - 2 scrolls of identify
 q - 3 scrolls of teleportation
 A - a scroll of fear
Potions
 g - 2 potions of haste
 i - a potion of invisibility
 m - 3 potions of curing
 n - 4 potions of brilliance
 s - a potion of might
Miscellaneous
 l - a lightning rod (4/4)


   Skills:
 + Level 5.6 Fighting
 * Level 13.0 Axes
 - Level 1.5 Throwing
 + Level 4.2 Armour
 + Level 7.0 Dodging
 * Level 4.5 Spellcasting
 * Level 2.3 Invocations


You had 7 spell levels left.
You knew the following spells:

 Your Spells              Type           Power      Damage    Failure   Level
a - Sting                 Tmut/Pois      56%        1d5       4%          1
b - Wereblood             Tmut           14%        N/A       6%          2
c - Stone Arrow           Conj/Erth      28%        3d8       12%         3
s - Sticky Flame          Conj/Fire      14%        2d4       36%         4
w - Passwall              Tmut/Erth      11%        N/A       6%          2
Your spell library was empty.

Dungeon Overview and Level Annotations

Branches:
Dungeon (9/15)             Temple (1/1) D:4            Lair (0/5) D:8
  Sewer (visited)
    Orc: D:9-12

Altars:
Ashenzari
Dithmenos
Elyvilon
Fedhas
Gozag
Hepliaklqana
Makhleb
Okawaru
Qazlal
Ru
Trog
Uskayaw
Wu Jian
Xom
Yredelemnul
Zin
The Shining One

Shops:
D:3 =   D:6 (=*(*

Annotations:
D:6 3 runed translucent doors, mopl's ghost, novice MeHu
D:7 2 transporters, bezhaha's ghost, novice OgWr


Innate Abilities, Weirdness & Mutations

You are immune to sickness and miasma.
You are immune to poison.
Your flesh is very heat resistant. (rF++)
You are vulnerable to cold. (rC-)
You float through the air rather than walking.
You learn spells naturally, not from books.
Your magical power is your life essence.
You have superior vitality. (+4 MHP)
You have supernaturally acute eyesight. (SInv)
You are agile. (Dex +4, Str/Int -1)


Message History

Qazlal accepts your kill. The killer bee misses you.
The centaur wields a +0 shortbow.
The centaur shoots an arrow.
The arrow hits you.
The killer bee stings you but does no damage.
You slash the killer bee!
You kill the killer bee!
Qazlal accepts your kill.
The centaur shoots an arrow.
The arrow misses you. The killer bee completely misses you.
A wight comes into view. It is wielding a +5 scimitar.
You slash the killer bee!
The killer bee is poisoned.
The killer bee is severely wounded.
You kill the killer bee!
Qazlal accepts your kill.
The two-headed ogre hits you with a +0 giant club!
The two-headed ogre hits you with a +0 giant spiked club!
You see here a killer bee corpse.
You slash the two-headed ogre!
The two-headed ogre looks as sick as possible!
The two-headed ogre is lightly wounded.
The centaur shoots an arrow.
The arrow closely misses you.
A wight comes into view.
It is wielding a +6 scimitar of freezing.
You slash the two-headed ogre!
The two-headed ogre looks as sick as possible!
The two-headed ogre is moderately wounded.
The centaur shoots an arrow.
The arrow barely misses you. The two-headed ogre misses you.
You block the two-headed ogre's attack.
The centaur shoots an arrow.
The arrow hits you but does no damage.
You barely miss the two-headed ogre.
The two-headed ogre is moderately wounded.
The centaur shoots an arrow.
The arrow hits you!
The two-headed ogre hits you with a +0 giant club!
The two-headed ogre hits you with a +0 giant spiked club!!
* * * LOW HITPOINT WARNING * * *
You are too injured to fight recklessly!
You are too injured to fight recklessly!
You hit the two-headed ogre.
The two-headed ogre is moderately wounded.
The centaur shoots an arrow.
The arrow hits you!
You die...

.!.# ##.#...#
...####### ## # #....
#....(..#
###...........
#z.....##..........#..#
#........_...........#
#......_...........###
###.c..............#.#
#zO.○..8.._......#..
#.°@)............#.#
#.○†._......#.##'#.#
####†.._..........).
###............))
#.............)
#.............#
#....#+##.....# ####...
#.....# #..>.'.....#


You could see a two-headed ogre (extremely poisoned), a centaur and 2 wights.

Vanquished Creatures
  An unseen horror (D:5)
  A gargoyle (D:8)
  A komodo dragon (D:8)
  A hornet (D:7)
  A wyvern (D:8)
  Grum (D:9)
  3 vampire mosquitoes (D:7)
  A water moccasin (D:6)
  5 ice beasts
  Pargi (Sewer)
  A black bear (D:6)
  2 sky beasts
  An orc warrior (D:9)
  5 ogres (D:5)
  4 wolves
  A phantom (D:6)
  4 centaurs
  3 bullfrogs
  A necrophage (D:5)
  A gnoll sergeant (D:7)
  A scorpion (D:5)
  16 wights
  Dowan (D:6)
  9 killer bees (D:9)
  4 hounds
  A jelly (D:6)
  4 orc priests
  4 iguanas
  7 orc wizards
  7 gnolls
  6 adders
  A white imp (D:6)
  An ufetubus (D:5)
  3 worms
  3 dart slugs
  30 orcs
  9 ball pythons
  5 bats
  12 endoplasms
  6 giant cockroaches
  A goblin (D:2)
  2 hobgoblins
  9 jackals
  10 kobolds
  5 quokkas
  7 frilled lizards
  11 rats
214 creatures vanquished.

Vanquished Creatures (others)
  3 plants
3 creatures vanquished.

Grand Total: 217 creatures vanquished

Notes
Turn   | Place    | Note
-------+----------+-------------------------------------------
     0 | D:1      | Banquo the Djinni Gladiator began the quest for the Orb.
     0 | D:1      | Reached XP level 1. HP: 18/18 MP: 0/0
    78 | D:1      | Reached XP level 2. HP: 16/23 MP: 0/0
   174 | D:1      | Found a faded altar of an unknown god.
   288 | D:1      | Reached XP level 3. HP: 21/28 MP: 0/0
   288 | D:1      | Learned a level 1 spell: Sting
   522 | D:1      | Reached skill level 3 in Axes
  1552 | D:2      | Reached XP level 4. HP: 33/33 MP: 0/0
  2065 | D:3      | Reached skill level 1 in Spellcasting
  2312 | D:3      | Found a shadowy altar of Dithmenos.
  2325 | D:3      | Found Gugaozor's Jewellery Shop.
  2733 | D:3      | Reached skill level 1 in Armour
  2777 | D:3      | Found a broken altar of Ashenzari.
  3063 | D:4      | Gained mutation: You have supernaturally acute eyesight.
                  | (SInv) [potion of mutation]
  3063 | D:4      | Gained mutation: You are agile. (Dex +4, Str/Int -1)
                  | [potion of mutation]
  3067 | D:4      | Reached XP level 5. HP: 9/38 MP: 0/0
  3067 | D:4      | Learned a level 2 spell: Wereblood
  3179 | D:4      | Found a staircase to the Ecumenical Temple.
  3195 | Temple   | Entered the Ecumenical Temple
  3228 | Temple   | Became a worshipper of Qazlal Stormbringer
  3421 | D:4      | Found a glowing drain.
  3425 | Sewer    | Entered a sewer
  3473 | Sewer    | Reached skill level 4 in Axes
  3482 | Sewer    | Noticed Pargi
  3513 | Sewer    | Killed Pargi
  3514 | Sewer    | Reached XP level 6. HP: 39/45 MP: 0/0
  4110 | D:4      | Found a glowing silver altar of Zin.
  4129 | D:5      | Entered Level 5 of the Dungeon
  4131 | D:5      | Identified a scroll of acquirement
  4131 | D:5      | Acquired a manual of Axes
  4131 | D:5      | Noticed an ogre
  4247 | D:5      | Reached * piety under Qazlal
  4277 | D:5      | Killed an ogre
  4278 | D:5      | Reached skill level 5 in Axes
  4278 | D:5      | Reached XP level 7. HP: 29/49 MP: 0/0
  4278 | D:5      | Learned a level 2 spell: Passwall
  4596 | D:5      | Reached XP level 8. HP: 49/56 MP: 0/0
  4634 | D:5      | Reached skill level 6 in Axes
  4747 | D:5      | Noticed an unseen horror
  4773 | D:5      | Reached skill level 7 in Axes
  4773 | D:5      | Reached skill level 5 in Dodging
  4787 | D:5      | Killed an unseen horror
  4788 | D:5      | Reached XP level 9. HP: 54/62 MP: 0/0
  4788 | D:5      | Learned a level 3 spell: Stone Arrow
  4897 | D:5      | Reached skill level 8 in Axes
  4900 | D:5      | Reached ** piety under Qazlal
  5169 | D:6      | Noticed Dowan
  5173 | D:6      | Noticed Duvessa
  5270 | D:6      | Found Lifiucw's Jewellery Shop.
  5414 | D:6      | Duvessa changed into Duvessa the ice beast
  5414 | D:6      | Noticed Duvessa
  5419 | D:6      | Killed Dowan
  5430 | D:6      | Killed Duvessa the ice beast
  5705 | D:6      | Reached skill level 9 in Axes
  5817 | D:6      | Found a runed translucent gate.
  5817 | D:6      | Found a runed translucent gate.
  5821 | D:6      | Found a runed translucent gate.
  5823 | D:6      | Noticed mopl's ghost (novice MeHu)
  5931 | D:6      | Found Teosi's Assorted Antiques.
  5938 | D:6      | Bought a sedimented inky potion for 24 gold pieces
  5963 | D:6      | Found Tomme's Weapon Emporium.
  6140 | D:6      | Found Orukkix's Weapon Shoppe.
  6147 | D:6      | Bought a +1 broad axe of venom for 129 gold pieces
  6149 | D:6      | Found Eruck's Assorted Antiques.
  6161 | D:6      | Bought a scroll labelled DEKIOR PUHI for 32 gold pieces
  6529 | D:7      | Noticed a hornet
  6538 | D:7      | Reached XP level 10. HP: 66/69 MP: 0/0
  6546 | D:7      | Reached skill level 10 in Axes
  6713 | D:7      | Noticed bezhaha's ghost (novice OgWr)
  6722 | D:7      | Found a transporter.
  6744 | D:7      | Found a transporter.
  6749 | D:7      | Reached skill level 5 in Fighting
  6749 | D:7      | Reached skill level 11 in Axes
  7355 | D:8      | Noticed a gargoyle
  7466 | D:8      | Killed a gargoyle
  7569 | D:8      | Reached skill level 1 in Invocations
  7597 | D:8      | Found a staircase to the Lair.
  7598 | D:8      | Noticed a komodo dragon
  7634 | D:8      | Killed a komodo dragon
  7739 | D:8      | Reached skill level 12 in Axes
  8133 | D:9      | Noticed Grum
  8218 | D:9      | Reached *** piety under Qazlal
  8290 | D:9      | Reached XP level 11. HP: 61/76 MP: 0/0
  8290 | D:9      | Learned a level 4 spell: Sticky Flame
  8346 | D:9      | Killed Grum
  8447 | D:9      | Found a white marble altar of Elyvilon.
  8447 | D:9      | Found a hazy altar of Hepliaklqana.
  8481 | D:9      | Noticed a two-headed ogre
  8483 | D:9      | Reached skill level 13 in Axes
  8492 | D:9      | Shot with an arrow by a centaur

Illustrated notes

Levels and vault maps discovered:
D:1:      minmay_arrival_solitary_statue, layout_basic,
          ebering_ecumenical_altar_mist, serial_forest,
          infiniplex_forest_clump_tiny, infiniplex_forest_clump_medium,
          infiniplex_forest_end_2, infiniplex_forest_end_3,
          infiniplex_forest_clump_cross, infiniplex_forest_split,
          infiniplex_forest_lined_4_way, infiniplex_forest_clump_curved,
          infiniplex_forest_join, corexii_corridor_pit
D:2:      layout_loops_cross
D:3:      layout_basic, marbit_many_paths, grunt_dithmenos_smoke_and_mirrors,
          serial_shops, shop, serial_park_tiny_pond
D:4:      layout_loops_ring, kennysheep_mini, minmay_temple_entry_trees,
          gup_sewer_entry_spiral
D:5:      layout_rooms, serial_corexii_hall, corexii_hall_statues_deadend,
          chequers_hall_statues_corner_a, minmay_divided_ellipse
D:6:      layout_loops_corners, serial_shops, nicolae_lakefront_shop,
          nicolae_shop_advertising_works [nicolae_subvault_shop_adworks],
          nicolae_shop_temple_entry_statues_fountains, shop, shop,
          gammafunk_ghost_necromancy, uniq_duvessa
D:7:      layout_basic, gammafunk_ghost_stat_death
D:8:      layout_cave_pools, david_lair_shrubbed
D:9:      layout_basic, grunt_temple_overflow_open,
          mainiacjoe_overflow_catch_the_wave, uniq_pikel, uniq_grum
Temple:   nicolae_temple_hex_pool

Skill      XL: |  1  2  3  4  5  6  7  8  9 10 11 |
---------------+----------------------------------+-----
Axes           | 3 4 5 7 9 12 13 | 13.0
Spellcasting   | 1 2 3 4 |  4.5
Armour         | 1 2 3 4 |  4.2
Dodging        | 4 5 6 7 |  7.0
Fighting       | 3 4 5 |  5.6
Invocations    | 2 |  2.3
Throwing       | |  1.5

Action                     |  1- 3 |  4- 6 |  7- 9 | 10-12 || total
---------------------------+-------+-------+-------+-------++-------
  Melee: War axe           |    92 |   148 |    90 |     4 ||   334
         Punch             |     1 |     1 |     7 |     3 ||    12
         Spear             |       |    50 |   131 |       ||   181
         Broad axe         |       |       |    37 |   210 ||   247
  Throw: Throwing net      |       |       |       |     1 ||     1
   Cast: Sting             |       |     4 |       |       ||     4
    Use: Scroll            |       |    13 |     7 |       ||    20
         Potion            |       |     2 |       |       ||     2
   Stab: Sleeping          |     1 |     6 |       |       ||     7
 Armour: Leather armour    |    33 |    51 |       |       ||    84
         Troll leather arm |       |    11 |    68 |    41 ||   120
  Dodge: Dodged            |    80 |   142 |   188 |   203 ||   613
  Block: Other             |       |       |    15 |    31 ||    46

Table legend: (Time is in decaauts)
 A = Elapsed time spent in this place.
 B = Non-inter-level travel time spent in this place.
 C = Inter-level travel time spent in this place.
 D = Time resting spent in this place.
 E = Time spent auto-exploring this place.
 F = Levels seen in this place.
 G = Mean time per level.
                   A        B        C        D        E       F      G
               +--------+--------+--------+--------+--------+-----+--------+
         Total |   8568 |   7889 |    679 |    149 |   5503 |  11 |  778.9 |
       Dungeon |   8364 |   7703 |    661 |    141 |   5503 |   9 |  929.3 |
        Temple |     52 |     34 |     18 |      0 |      0 |   1 |   52.0 |
         Sewer |    151 |    151 |      0 |      8 |      0 |   1 |  151.0 |
               +--------+--------+--------+--------+--------+-----+--------+

Top non-repeatable levels by time:
     D:1: 1291 daAuts
     D:6: 1253 daAuts
     D:7: 1053 daAuts
     D:3: 997 daAuts
     D:4: 990 daAuts
     D:5: 938 daAuts
     D:8: 789 daAuts
     D:2: 784 daAuts
     D:9: 265 daAuts
   Sewer: 151 daAuts
  Temple: 52 daAuts
